 Dungeon Crawl Stone Soup version 0.21-a0-1-gaf3b9a5 (webtiles) character file.

147 snowfan the Conjurer (level 5, -3/28 HPs)
             Began as a Deep Elf Wizard on May 20, 2017.
             Killed from afar by Sigmund (6 damage)
             ... with a magic dart
             ... on level 4 of the Dungeon.
             The game lasted 00:08:56 (2968 turns).

snowfan the Conjurer (Deep Elf Wizard)              Turns: 2968, Time: 00:08:56

Health: -3/28      AC:  3    Str:  4    XL:     5   Next: 8%
Magic:  0/13       EV: 13    Int: 24    God:
Gold:   131        SH:  0    Dex: 13    Spells: 5/12 levels left

rFire    . . .     SeeInvis .   j - -2 hunting sling (curse)
rCold    . . .     Gourm    .   (no shield)
rNeg     . . .     Faith    .   a - +0 robe
rPois    .         Spirit   +   b - +0 hat
rElec    .         Reflect  .   z - scarf {Spirit}
rCorr    .         Harm     .   f - +0 pair of gloves
MR       .....                  (no boots)
Stlth    ++........             (no amulet)
Regen    0.1/turn               (no ring)
MPRegen  0.2/turn               (no ring)

@: no status effects
A: no striking features
a: no special abilities


You were on level 4 of the Dungeon.
You were not hungry.

You visited 1 branch of the dungeon, and saw 4 of its levels.

You collected 131 gold pieces.

Inventory:

Hand Weapons
 j - a cursed -2 hunting sling (weapon)
 l - a +0 dagger of venom
 q - a +0 hunting sling
Missiles
 g - 34 stones (quivered)
Armour
 a - a +0 robe (worn)
 b - a +0 hat (worn)
 f - a +0 pair of gloves (worn)
 z - a scarf of spirit shield (worn)
Jewellery
 y - a +2 ring of evasion {unknown}
Scrolls
 e - a scroll of recharging
 i - a scroll of fog {unknown}
 k - a scroll of identify {unknown}
 n - 2 scrolls of remove curse {unknown}
 o - 2 scrolls of fear {unknown}
 p - a scroll of immolation {unknown}
Potions
 h - a potion of mutation {unknown}
 m - 2 potions of lignification {unknown}
 r - a potion of ambrosia {unknown}
 s - a potion of cancellation {unknown}
 t - a potion of magic {unknown}
 v - a potion of agility {unknown}
 x - a potion of resistance {unknown}
Books
 c - a book of Minor Magic

   Spells                             Type                      Level
   a - Magic Dart                     Conjuration                  1
   b - Blink                          Translocation                2
   c - Call Imp                       Summoning                    2
   d - Slow                           Hexes                        2
   e - Conjure Flame                  Conjuration/Fire             3
   f - Mephitic Cloud                 Conjuration/Poison/Air       3
Comestibles
 d - 2 bread rations
 u - a chunk of flesh
 w - a royal jelly


   Skills:
 - Level 2.4 Dodging
 - Level 2.4 Stealth
 - Level 4.4 Spellcasting
 + Level 5.4 Conjurations
   Level 1.1 Summonings
   Level 1.1 Translocations


You had 5 spell levels left.
You knew the following spells:

 Your Spells              Type           Power        Failure   Level  Hunger
a - Magic Dart            Conj           ####         1%          1    None
c - Mephitic Cloud        Conj/Pois/Air  ##......     13%         3    ##.....
d - Conjure Flame         Conj/Fire      ###.....     9%          3    ##.....


Dungeon Overview and Level Annotations

Branches:
Dungeon (4/15)
 Temple: D:4-7

Altars:
Nemelex Xobeh
Wu Jian

Annotations:
D:2 2 transporters
D:4 Sigmund


Message History

Your magical contamination has completely faded away.
As you read the scroll labeled KAIGGA UNIMACA, it crumbles to dust.
It is a scroll of recharging.
You aren't carrying any rechargeable items.
Sigmund opens the door.
You close the door.
Sigmund opens the door.
You close the door.
Sigmund opens the door.
You close the door.
Sigmund opens the door.
You close the door.
Sigmund opens the door.
You close the door.
Sigmund opens the door.
Casting: Magic Dart
Confirm with . or Enter, or press ? or * to list all spells.
Aiming: Magic Dart
Press: ? - help, Shift-Dir - straight line, f/p - Sigmund
Aim: Sigmund, wielding a scythe and wearing a robe (almost dead)
The magic dart hits Sigmund.
Sigmund is almost dead.
Sigmund points at you and mumbles some strange words.
The magic dart hits you!
You die...

#######
#.....#
#.....#
#.....#
#<....#
#.....#
#..@..#
###'###
..@.
...(##
#....#
######


You could see Sigmund.

Vanquished Creatures
  7 adders
  An ooze (D:3)
  A worm (D:2)
  2 dart slugs
  2 leopard geckos
  2 orcs (D:3)
  6 giant cockroaches
  10 goblins
  4 hobgoblins
  5 jackals (D:3)
  4 kobolds
  A quokka (D:2)
  A ball python (D:2)
  13 bats
  5 frilled lizards
  6 rats
70 creatures vanquished.

Notes
Turn   | Place    | Note
-------+----------+-------------------------------------------
     0 | D:1      | snowfan the Deep Elf Wizard began the quest for the Orb.
     0 | D:1      | Reached XP level 1. HP: 10/10 MP: 7/7
    83 | D:1      | Reached skill level 2 in Conjurations
   125 | D:1      | Reached XP level 2. HP: 15/15 MP: 5/9
   450 | D:1      | Reached skill level 3 in Conjurations
   557 | D:1      | Reached XP level 3. HP: 19/19 MP: 5/10
   927 | D:2      | Noticed an orc warrior
   930 | D:2      | Found a sparkling altar of Nemelex Xobeh.
  1346 | D:2      | Found an ornate altar of the Wu Jian Council.
  1486 | D:2      | Reached skill level 4 in Conjurations
  1659 | D:3      | Learned a level 3 spell: Conjure Flame
  1676 | D:3      | Learned a level 3 spell: Mephitic Cloud
  1834 | D:3      | Reached XP level 4. HP: 24/24 MP: 4/12
  2251 | D:3      | Reached skill level 5 in Conjurations
  2751 | D:3      | Reached XP level 5. HP: 28/28 MP: 5/13
  2896 | D:4      | Noticed Sigmund
  2968 | D:4      | Killed from afar by Sigmund

Vault maps used:
D:1:      dpeg_arrival_pits
D:2:      gammafunk_temple_overflow_arena, lemuel_doored_altar
D:4:      bloody_trog, minmay_temple_entry_trees, first_bread, uniq_sigmund

Skill      XL: |  1  2  3  4 |
---------------+-------------+-----
Conjurations   | 2 3 4 5 |  5.4
Dodging        | |  2.4
Stealth        | |  2.4
Spellcasting   | |  4.4
Summonings     | |  1.1
Translocations | |  1.1

Action                   |  1- 3 |  4- 6 || total
-------------------------+-------+-------++-------
 Fire: Hunting sling     |       |     9 ||     9
 Cast: Magic Dart        |    97 |    65 ||   162
       Mephitic Cloud    |       |     1 ||     1
  Use: Scroll            |       |     1 ||     1
  Eat: Chunk             |     3 |     3 ||     6
Armor: Robe              |     4 |     2 ||     6
Dodge: Dodged            |     4 |    12 ||    16
